Map: 2000 Atmospheres LE

Players

Scarlett

  • Race: Zerg Zerg

Reynor - Winner!

  • Race: Zerg Zerg

Event: TSL 8

VOD

Have the link to the VOD?

Description

Time

  • Played on: Dec. 5, 2021, 10:09 a.m.
  • Length: 17:55

All games in this series

Show
View Real Time Build Order
Export as new Build Order

Scarlett Zerg 

Build Orders: Hatch First 

Get SALT Encoding   

  12  0:00  Drone  
  13  0:12  Overlord  
  13  0:17  Drone  
  14  0:30  Drone x2  
  16  0:46  Hatchery  
  15  0:51  Drone  
  15  0:53  Drone  
  15  0:57  Drone  
  18  1:08  Extractor  
  17  1:12  Spawning Pool  
  17  1:15  Drone  
  17  1:18  Drone  
  18  1:27  Drone  
  19  1:38  Drone  
  20  1:50  Drone  
  21  1:59  Queen x2  
  21  2:00  Zergling x2  
  21  2:01  Overlord  
  26  2:10  Drone  
  26  2:11  Metabolic Boost, Drone  
  28  2:22  Drone x2  
  30  2:32  Hatchery  
  30  2:35  Drone  
  30  2:38  Drone  
  30  2:43  Queen  
  33  2:47  Overlord  
  33  2:50  Zergling x2  
  34  2:57  Drone x2  
  36  3:07  Zergling x12  
  42  3:12  Overlord  
  42  3:20  Drone x2  
  42  3:34  Roach Warren  
  42  3:35  Zergling x6  
  44  3:42  Overlord  
  44  3:43  Zergling x8  
  46  3:49  Zergling x4  
  50  4:01  Drone x5  
  49  4:15  Drone x2, Lair  
  49  4:16  Drone x3  
  50  4:20  Roach  
  50  4:21  Roach  
  50  4:23  Roach x2  
  57  4:28  Extractor  
  57  4:29  Extractor  
  57  4:30  Extractor  
  54  4:34  Evolution Chamber  
  53  4:43  Drone x4  
  57  4:53  Drone x2  
  59  5:05  Drone x2  
  56  5:07  Zerg Missile Weapons Level 1  
  56  5:18  Overlord x2  
  55  5:23  Evolution Chamber  
  55  5:24  Drone x5  
  55  5:25  Spire  
  58  5:29  Overlord  
  58  5:35  Drone  
  59  5:39  Drone  
  59  5:40  Drone x2  
  59  5:41  Glial Reconstitution  
  62  5:49  Drone  
  64  5:50  Drone, Overlord  
  64  5:51  Roach x2  
  64  5:55  Roach  
  70  5:59  Roach  
  72  6:06  Roach  
  74  6:11  Overlord  
  74  6:12  Roach x3  
  74  6:16  Roach  
  74  6:17  Roach x2  
  86  6:42  Mutalisk x5  
  96  6:48  Hatchery  
  96  6:52  Mutalisk  
  97  6:54  Overlord  
  97  6:55  Overlord  
  93  7:02  Drone x4  
  93  7:07  Drone x2  
  99  7:21  Mutalisk  
  99  7:22  Mutalisk x2  
  95  7:28  Drone x4  
  83  7:36  Zerg Missile Weapons Level 2  
  79  7:45  Drone x3  
  79  7:46  Roach x5  
  92  7:54  Roach  
  94  7:59  Extractor  
  93  8:07  Drone x7  
  93  8:10  Extractor  
  93  8:12  Roach x4  
  107  8:23  Drone  
  107  8:24  Drone x2  
  109  8:32  Roach x5  
  119  8:38  Overlord x2  
  119  8:44  Overlord x2  
  119  8:45  Roach  
  121  8:50  Overlord x2  
  121  8:51  Hatchery  
  120  9:02  Roach x7  
  134  9:11  Queen  
  134  9:12  Roach  
  134  9:13  Roach x5  
  148  9:23  Overlord x5  
  148  9:28  Roach x4  
  156  9:36  Roach x3  
  162  9:42  Roach x3  
  168  9:47  Roach x2  
  168  9:52  Zerg Ground Armor Level 1  
  172  9:55  Roach x4  
  172  9:59  Pneumatized Carapace, Overseer  
  180  10:01  Roach x3  
  180  10:04  Ravager x5  
  191  10:10  Roach  
  199  10:14  Roach x3  
  199  10:33  Overseer  
  195  10:42  Roach x8  
  190  10:55  Drone x10  
  198  11:15  Infestation Pit, Hydralisk Den, Drone x2  
  198  11:38  Hatchery  
  191  11:45  Roach x10  
  199  11:47  Extractor  
  199  11:49  Extractor  
  173  11:58  Muscular Augments  
  173  11:59  Zerg Ground Armor Level 2  
  173  12:00  Lurker Den  
  173  12:01  Drone x3  
  173  12:02  Drone x4  
  173  12:04  Spine Crawler  
  173  12:07  Drone x5  
  183  12:12  Roach x8  
  183  12:13  Ravager  
  183  12:14  Ravager  
  199  12:24  Drone, Hive  
  198  12:34  Hydralisk  
  200  12:47  Spine Crawler  
  200  12:48  Spore Crawler  
  196  13:02  Roach x4  
  198  13:07  Overlord x2  
  198  13:10  Grooved Spines  
  182  13:16  Roach x8  
  182  13:18  Overlord  
  182  13:19  Overlord  
  198  13:25  Roach  
  198  13:26  Roach x6  
  200  13:33  Roach x6  
  200  13:40  Roach x2  
  198  13:52  Roach  
  194  13:59  Seismic Spines  
  194  14:01  Drone  
  187  14:05  Viper  
  187  14:06  Viper x2  
  196  14:14  Hatchery  
  195  14:26  Hydralisk  
  195  14:27  Hydralisk  
  195  14:31  Ravager  
  200  14:33  Overseer  
  200  14:56  Adaptive Talons  
  200  14:58  Overseer x2, Extractor  
  189  15:02  Extractor  
  200  15:12  Hydralisk x2  
  200  15:13  Hydralisk x7  
  187  15:24  Drone x7  
  187  15:27  Drone x12  
  195  15:29  Overseer  
  127  15:44  Roach x9  
Show
View Real Time Build Order
Export as new Build Order

Reynor Zerg - Winner!

Build Orders: Hatch First, Lurkers, Zergling Baneling 

Get SALT Encoding   

  12  0:00  Drone  
  13  0:12  Overlord  
  13  0:16  Drone  
  14  0:30  Drone x2  
  16  0:48  Hatchery  
  15  0:50  Drone  
  15  0:54  Drone  
  17  0:58  Drone  
  18  1:09  Extractor  
  17  1:14  Spawning Pool  
  17  1:15  Drone  
  17  1:19  Drone  
  18  1:27  Drone  
  19  1:38  Drone  
  20  1:49  Drone  
  21  1:59  Overlord  
  21  2:00  Queen x2  
  21  2:01  Zergling x2  
  26  2:09  Metabolic Boost  
  26  2:11  Drone x2  
  28  2:21  Drone  
  28  2:22  Drone  
  30  2:33  Hatchery  
  30  2:35  Drone  
  30  2:38  Drone  
  30  2:43  Baneling Nest  
  30  2:45  Zergling x2  
  30  2:50  Drone  
  32  2:53  Overlord  
  32  2:57  Zergling x2  
  33  3:06  Zergling x4  
  33  3:11  Zergling x10  
  33  3:12  Zergling x2  
  41  3:19  Overlord  
  41  3:25  Zergling x2  
  42  3:30  Zergling x2  
  42  3:33  Overlord  
  43  3:38  Baneling x4  
  43  3:40  Zergling x6  
  45  3:46  Queen  
  45  3:51  Zergling x6  
  48  4:01  Zergling x4  
  48  4:02  Zergling x6  
  45  4:17  Drone x2  
  46  4:27  Zergling x18  
  55  4:32  Baneling x5  
  55  4:33  Baneling  
  55  4:34  Baneling  
  55  4:40  Zergling x4  
  55  4:41  Zergling x2  
  58  4:49  Zergling x8  
  62  4:58  Baneling x2  
  59  5:11  Drone x3  
  59  5:13  Drone x4  
  65  5:17  Overlord x2  
  65  5:25  Evolution Chamber  
  65  5:26  Drone  
  65  5:28  Drone  
  66  5:33  Extractor  
  66  5:34  Drone  
  65  5:36  Drone x2  
  65  5:37  Drone x3  
  65  5:41  Drone  
  65  5:42  Drone x2  
  73  5:45  Drone x2  
  73  5:46  Drone x2  
  73  5:47  Drone  
  73  5:49  Drone  
  79  5:54  Zerg Ground Armor Level 1  
  79  5:58  Overlord  
  79  6:02  Queen  
  81  6:11  Overlord  
  81  6:13  Evolution Chamber  
  81  6:14  Drone  
  81  6:16  Queen  
  81  6:17  Drone x5  
  88  6:20  Overlord  
  88  6:27  Queen  
  90  6:35  Overlord  
  90  6:39  Spore Crawler, Zerg Melee Weapons Level 1  
  89  6:42  Zergling x2  
  89  6:43  Zergling x20  
  99  6:47  Queen  
  99  6:53  Overlord  
  101  6:59  Zergling x2  
  101  7:00  Zergling x12  
  108  7:01  Zergling x2  
  108  7:02  Queen  
  108  7:06  Baneling x5  
  111  7:10  Overlord  
  111  7:13  Zergling x4  
  99  7:23  Zergling x10  
  99  7:25  Lair  
  99  7:26  Queen, Spore Crawler  
  94  7:30  Zergling x8  
  94  7:32  Drone  
  94  7:33  Spore Crawler  
  97  7:39  Drone x5  
  97  7:42  Extractor  
  97  7:43  Roach Warren  
  99  7:47  Extractor  
  99  7:49  Zerg Missile Weapons Level 1  
  99  7:50  Drone x2, Overlord  
  99  7:54  Drone x3  
  99  7:58  Drone x3  
  105  8:02  Drone  
  105  8:03  Drone  
  105  8:04  Drone  
  108  8:11  Queen, Extractor  
  108  8:12  Drone, Extractor  
  108  8:13  Drone x2  
  108  8:16  Spore Crawler  
  108  8:17  Overlord  
  108  8:21  Queen  
  109  8:28  Overlord  
  109  8:32  Queen  
  109  8:34  Hydralisk Den, Zerg Ground Armor Level 2  
  109  8:39  Drone x2  
  110  8:43  Roach x10  
  110  8:47  Overlord  
  130  8:51  Overlord  
  130  8:54  Spore Crawler  
  129  9:00  Overlord  
  129  9:07  Roach  
  129  9:08  Roach x3  
  129  9:09  Overlord  
  136  9:19  Overlord  
  136  9:22  Muscular Augments  
  136  9:23  Roach x3  
  140  9:28  Roach x3  
  140  9:29  Roach  
  148  9:37  Hatchery  
  147  9:38  Hydralisk  
  147  9:39  Hydralisk, Extractor  
  147  9:44  Hydralisk x4  
  156  9:48  Infestation Pit  
  155  9:57  Zerg Missile Weapons Level 2  
  157  10:00  Roach x5  
  157  10:02  Glial Reconstitution  
  157  10:03  Overlord  
  157  10:06  Overlord  
  160  10:09  Ravager x2  
  160  10:13  Overlord  
  161  10:16  Ravager  
  162  10:29  Roach x8  
  162  10:33  Overlord  
  177  10:40  Roach x5  
  183  10:42  Overlord  
  171  10:54  Roach x8  
  186  11:03  Roach x4  
  194  11:15  Roach x3  
  200  11:20  Hive  
  200  11:31  Spore Crawler  
  194  11:43  Extractor  
  194  11:44  Extractor  
  180  11:53  Hydralisk x2  
  180  11:54  Hydralisk x2, Roach x10  
  189  11:59  Drone x2  
  197  12:03  Roach  
  197  12:04  Lurker Den  
  197  12:05  Ravager  
  197  12:34  Zerg Ground Armor Level 3, Zerg Missile Weapons Level 3  
  197  12:37  Viper  
  197  12:41  Spine Crawler, Spore Crawler  
  181  13:16  Seismic Spines  
  181  13:18  Roach x10  
  184  13:35  Drone x4  
  180  13:54  Hydralisk x4, Roach x3  
  188  14:02  Extractor  
  185  14:12  Lurker x5  
  185  14:13  Adaptive Talons  
  185  14:14  Drone x2  
  185  14:15  Drone  
  193  14:17  Viper x2  
  199  14:24  Burrow  
  199  14:26  Lurker  
  199  14:28  Overseer  
  200  14:32  Hatchery  
  194  14:50  Roach x2  
  194  14:51  Roach  
  188  15:17  Roach x11  
  188  15:25  Roach x6  
  192  15:42  Roach x7  
Tags
 
Add a new tag
Caveats
  • Supply blocks, unpowered buildings, or Contaminate may cause inaccurate times.
  • Supply counts are checked every 10 seconds.